 Dungeon Crawl Stone Soup version 0.30-a0-722-g3e6e8c874d (webtiles) character file.

Game seed: 5659003950988789857

28 theblackgale the Ruffian (level 2, -16/23 HPs)
             Began as a Draconian Transmuter on Jan 27, 2023.
             Engulfed by a cloud of flame (23 damage)
             ... on level 2 of the Dungeon.
             The game lasted 00:04:22 (354 turns).

theblackgale the Ruffian (Draconian Transmuter)      Turns: 354, Time: 00:04:22

Health: -16/23     AC:  4    Str: 12    XL:     2   Next: 96%
Magic:  5/5        EV: 12    Int: 13    God:
Gold:   76         SH:  0    Dex: 14    Spells: 4/5 levels left

rFire   . . .      SeeInvis +    f - +0 rapier
rCold   . . .      Faith    .    (no shield)
rNeg    . . .      Spirit   .    (body armour unavailable)
rPois   .          Reflect  .    (helmet currently unavailable)
rElec   .          Harm     .    (no cloak)
rCorr   .          Rampage  .    (no gloves)
Will    .....                    (boots currently unavailable)
Stlth   +                        g - amulet of Ruptepp {RegenMP Dex+3 SInv}
HPRegen 0.23/turn                (no ring)
MPRegen 0.49/turn                (no ring)

@: appendages
A: horns 2, talons 2, AC +4, unfitting armour, cold-blooded
a: End Transformation


You were on level 2 of the Dungeon.
You had temporarily grown beastly horns and talons.
You visited 1 branch of the dungeon, and saw 2 of its levels.

You collected 76 gold pieces.

Inventory:

Hand Weapons
 f - a +0 rapier (weapon)
Jewellery
 g - the amulet of Ruptepp (around neck) {RegenMP Dex+3 SInv}
   (You found it on level 2 of the Dungeon)

   [amulet of magic regeneration]

   It increases your rate of magic regeneration.
   Dex:       It affects your dexterity (+3).
   SInv:      It lets you see invisible.
Scrolls
 h - 3 scrolls of teleportation
Potions
 a - a potion of lignification
 b - a potion of curing {unknown}
 c - a potion of ambrosia
 e - a potion of degeneration {unknown}


   Skills:
 + Level 1.1 Fighting
 + Level 1.9 Dodging
 + Level 3.9 Unarmed Combat
 + Level 2.1 Spellcasting
 + Level 2.1 Transmutations


You had 4 spell levels left.
You knew the following spells:

 Your Spells              Type           Power      Damage    Failure   Level
a - Beastly Appendage     Tmut           12%        N/A       11%         1

Your spell library contained the following spells:

 Spells                   Type           Power      Damage    Failure   Level
 Wereblood                Tmut           6%         N/A       16%         2
 Cigotuvi's Dreadful Rot  Necr/Pois/Air  2%         N/A       36%         2
 Poisonous Vapours        Pois/Air       2%         N/A       36%         2
 Spider Form              Tmut/Pois      4%         N/A       43%         3
 Mephitic Cloud           Conj/Pois/Air  1%         N/A       58%         3
 Ice Form                 Ice/Tmut       4%         N/A       85%         4


Dungeon Overview and Level Annotations

Branches:
Dungeon (2/15)

Altars:


Innate Abilities, Weirdness & Mutations

You have temporarily grown beastly horns and talons.
Your plain brown scales are hard. (AC +4)
You cannot fit into any form of body armour.
You are cold-blooded and may be slowed by cold attacks.


Message History

It is a scroll of identify.
h - 2 scrolls of teleportation
As you read the scroll of identify, it crumbles to dust.
i - a scroll of immolation
As you read the scroll of identify, it crumbles to dust.
c - a potion of ambrosia
Found a scroll of teleportation.
You now have 76 gold pieces (gained 6).
An adder comes into view.
You see here a scroll of teleportation.
Found 4 gold pieces.
Found 3 gold pieces.
The adder hisses angrily.
Read: scroll of immolation
Press: ? - help, Q - select action, (/) - cycle Dir - look around, f - activate Look: an adder (susceptible)
As you read the scroll of immolation, it crumbles to dust.
The creatures around you are filled with an inner flame!
The adder attacks as you move away! The adder bites you but does no damage.
The adder closely misses you.
You see here a scroll of teleportation.
h - 3 scrolls of teleportation (gained 1)
The adder misses you.
Casting: Beastly Appendage (safe; 11% risk of failure)
Confirm with . or Enter, or press ? or * to list all spells.
You grow a pair of large bovine horns.
Your feet morph into talons.
The adder completely misses you.
You miss the adder. Your headbutt misses the adder.
Your tail-slap misses the adder.
The adder bites you but does no damage. The adder misses you.
You closely miss the adder.
Flame seeps out of the adder.
You claw the adder.
The adder is heavily wounded.
The adder is engulfed in blazing flames.
The adder explodes!
The fiery explosion engulfs you!
Ouch! That really hurt!
You hear an angry hiss. x2
You are engulfed in blazing flames.
Ouch! That really hurt!
You die...

#.# #........
#.####...##.##. #.#
#...........##. #.#
#..###.#).####..#.#
#..###.#..# #..#.##
..........# #.....#
###.####..# #.##..# ###
#.# #..# ##.##..##...$.
###.# #..# #..§@§........
....####..###..§#..##.####
#.##............#....$
#.##.########...##.##.#
#.# .# ######.# # #.# .#
#.# #.# .# #.# #.##.# #.#
†....#


There were no monsters in sight!

Vanquished Creatures
  An adder (D:2)
  2 dart slugs
  2 endoplasms (D:1)
  2 giant cockroaches (D:1)
  2 kobolds
  A ball python (D:1)
  3 bats
  2 goblins
15 creatures vanquished.

Notes
Turn   | Place    | Note
-------+----------+-------------------------------------------
     0 | D:1      | theblackgale the Draconian Transmuter began the quest for
                  | the Orb.
     0 | D:1      | Reached XP level 1. HP: 16/16 MP: 3/3
   134 | D:1      | Reached XP level 2. HP: 23/23 MP: 3/5
   302 | D:2      | Identified the amulet of Ruptepp {RegenMP Dex+3 SInv}
   354 | D:2      | Engulfed by a cloud of flame

Illustrated notes

Levels and vault maps discovered:
D:1:      minmay_arrival_glassed_features, layout_loops_ring,
          corexii_hall_statues_x, minmay_tiny_reverse_x
D:2:      layout_loops_ring

Action                     || total
---------------------------++-------
  Melee: Unarmed           ||    20
         Tailslap          ||     6
         Kick              ||     5
         Headbutt          ||     2
         Rapier            ||    18
         Punch             ||     2
   Cast: Beastly Appendage ||     5
    Use: Scroll            ||     4
 Armour: Skin              ||    27
  Dodge: Dodged            ||    42

Table legend: (Time is in decaauts)
 A = Elapsed time spent in this place.
 B = Non-inter-level travel time spent in this place.
 C = Inter-level travel time spent in this place.
 D = Time resting spent in this place.
 E = Time spent auto-exploring this place.
 F = Levels seen in this place.
 G = Mean time per level.
                   A        B        C        D        E       F      G
               +--------+--------+--------+--------+--------+-----+--------+
         Total |    355 |    134 |    221 |      0 |      0 |   2 |  177.5 |
       Dungeon |    355 |    134 |    221 |      0 |      0 |   2 |  177.5 |
               +--------+--------+--------+--------+--------+-----+--------+

Top non-repeatable levels by time:
     D:2: 179 daAuts
     D:1: 175 daAuts
